 Dungeon Crawl Stone Soup version 0.31.0-9-g3a7656b989 (webtiles) character file.

Game seed: 9253267890599187519

501 qw the Shooter (level 6, 0/30 HPs)
             Began as a Spriggan Hunter on Feb 2, 2024.
             Slain by Duvessa
             ... wielding a +0 short sword
              (7 damage)
             ... on level 5 of the Dungeon.
             The game lasted 00:00:13 (3732 turns).

qw the Shooter (Spriggan Hunter)                    Turns: 3732, Time: 00:00:13

Health: 0/30       AC:  4    Str:  7    XL:     6   Next: 95%
Magic:  7/7        EV: 21    Int: 11    God:
Gold:   236        SH:  0    Dex: 20    Spells: 5/5 levels left

rFire   + + .        a - +0 shortbow (heavy)
rCold   + . .        (shield currently unavailable)
rNeg    . . .        g - +2 robe of Parts Unknown {rElec rF++ Will- Archmagi}
rPois   .            (helmet restricted)
rElec   +            (no cloak)
rCorr   .            (gloves unavailable)
SInv    +            (boots unavailable)
Will    .....        (no amulet)
Stlth   ++           c - ring of protection from cold
HPRegen 0.25/turn    (no ring)
MPRegen 0.10/turn

%: archmagi
@: lethally poisoned (0 -> -8), very quick
A: very small, no large weapons, unfitting armour, see invisible, speed 3,
passive freeze, electricity resistance
a: no special abilities


You were on level 5 of the Dungeon.
You visited 1 branch of the dungeon, and saw 5 of its levels.

You collected 236 gold pieces.


Innate Abilities, Weirdness & Mutations

You are very small and have problems with some larger weapons.
You are too small for most types of armour.
You have supernaturally acute eyesight. (SInv)
You cover ground extremely quickly. (Speed+++)
A frigid envelope surrounds you and freezes all who hurt you.
You are resistant to electric shocks. (rElec)


   Skills:
 - Level 2.2 Fighting
 - Level 7.0 Ranged Weapons
 + Level 6.0 Dodging
 - Level 1.5 Stealth


You had 5 spell levels left.
You didn't know any spells.
Your spell library was empty.

Inventory:

Hand Weapons
 a - a +0 heavy shortbow (weapon)
Armour
 g - the +2 robe of Parts Unknown (worn) {rElec rF++ Will- Archmagi}
   (You found it on level 2 of the Dungeon)

   rF++:      It greatly protects you from fire.
   rElec:     It insulates you from electricity.
   Will-:     It decreases your willpower.
   Archmagi:  It increases the power of your magical spells.
Jewellery
 c - a ring of protection from cold (left hand)
 j - a ring of fire
Wands
 h - a wand of roots (6)
Scrolls
 d - 2 scrolls of teleportation
Potions
 b - 2 potions of curing
 e - a potion of mutation
 k - a potion of heal wounds

Dungeon Overview and Level Annotations

Branches:
Dungeon (5/15)
 Temple: D:4-7

Altars:
Nemelex Xobeh

Annotations:
D:5 Dowan, Duvessa


Message History

Press: ? - help, Q - select action, (/) - cycle Shift-Dir - straight line, f - Duvessa, p - Dowan Duvessa easily resists.
Duvessa completely misses you.
The orc hits you from afar with a +2 trident of venom!
You are poisoned.
3727 ||| ZAPPING wand of paralysis (4) at -1,0 (Duvessa; open_door).
Aiming: Paralyse
Press: ? - help, Q - select action, (/) - cycle Shift-Dir - straight line, f/p - Duvessa Duvessa easily resists.
You feel very sick. Duvessa misses you.
3728 ||| ZAPPING wand of paralysis (3) at -1,0 (Duvessa; open_door).
Aiming: Paralyse
Press: ? - help, Q - select action, (/) - cycle Shift-Dir - straight line, f/p - Duvessa Duvessa easily resists.
You feel sick. Duvessa closely misses you.
3729 ||| ZAPPING wand of paralysis (2) at -1,0 (Duvessa; open_door).
Aiming: Paralyse
Press: ? - help, Q - select action, (/) - cycle Shift-Dir - straight line, f/p - Duvessa Duvessa easily resists.
You feel sick. Duvessa misses you.
Dowan says, "My weaknesses are her strengths!"
Dowan mumbles some strange words.
Dowan blinks!
3730 ||| ZAPPING wand of paralysis (1) at -1,0 (Duvessa; open_door).
Aiming: Paralyse
Press: ? - help, Q - select action, (/) - cycle Shift-Dir - straight line, f/p - Duvessa Duvessa easily resists.
The now-empty wand crumbles to dust.
You feel sick. Duvessa completely misses you.
You shoot an arrow. The arrow hits Duvessa.
Duvessa is moderately wounded.
You feel sick.
The orc hits you from afar with a +2 trident of venom.
You are lethally poisoned!
Duvessa closely misses you.
You shoot an arrow. The arrow hits Duvessa.
Duvessa is heavily wounded.
You feel very sick. Duvessa hits you with a +0 short sword!
You die...

. .. ... ....
###### .....
'....#
....eo####.##
.....oe@...>####
.....o####.....#
##### #..%#.#
#..<#.# #..##.#
#..# .# #..# .#
#..# .# #..# .#


You could see Duvessa, Dowan, an orc wizard (invisible) and 2 orcs.

Vanquished Creatures
  A phantom (D:4)
  A scorpion (D:4)
  2 hounds
  A jelly (D:4)
  An orc priest (D:4)
  Ijyb (D:4)
  Natasha (D:2)
  3 orc wizards (D:4)
  7 adders
  A dart slug (D:2)
  5 orcs (D:4)
  2 endoplasms
  3 giant cockroaches (D:4)
  3 goblins
  7 hobgoblins
  4 jackals (D:2)
  A quokka (D:4)
  5 ball pythons
  7 bats
  3 frilled lizards
  5 kobolds
  2 rats (D:1)
66 creatures vanquished.

Notes
Turn   | Place    | Note
-------+----------+-------------------------------------------
     0 | D:1      | qw the Spriggan Hunter began the quest for the Orb.
     0 | D:1      | Reached XP level 1. HP: 10/10 MP: 2/2
     0 | D:1      | 0 ||| qw: Version: 0.3-a-155-g5e7d8dd
     0 | D:1      | 0 ||| qw: Game counter: 682
     0 | D:1      | 0 ||| qw: Melee chars always use a shield: true
     0 | D:1      | 0 ||| qw: God list: Okawaru
     0 | D:1      | 0 ||| qw: Allow faded altars: false
     0 | D:1      | 0 ||| qw: Do Orc after clearing Dungeon:15 true
     0 | D:1      | 0 ||| qw: Do second Lair branch before Depths: true
     0 | D:1      | 0 ||| qw: Lair rune preference: random
     0 | D:1      | 0 ||| qw: Goals: Normal
     0 | D:1      | 0 ||| PLANNING D:1-11
    28 | D:1      | Reached skill level 3 in Dodging
   137 | D:1      | Reached XP level 2. HP: 14/14 MP: 3/3
   137 | D:1      | Found a faded altar of an unknown god.
   607 | D:1      | 607 ||| READING 2 scrolls labelled QEUX FUANUNI.
   610 | D:1      | 610 ||| READING scroll labelled QUKA COUNIPEO.
   611 | D:1      | 611 ||| READING scroll labelled KOTUT XILOAD.
   712 | D:1      | 712 ||| DRINKING 2 smoky grey potions.
   713 | D:1      | 713 ||| DROPPING scroll of butterflies.
   714 | D:1      | 714 ||| DROPPING potion of attraction.
   853 | D:2      | Reached XP level 3. HP: 18/18 MP: 4/4
   995 | D:2      | Identified the +2 robe of Parts Unknown {rElec rF++ Will-
                  | Archmagi}
  1360 | D:2      | Reached skill level 5 in Ranged Weapons
  1687 | D:2      | 1687 ||| UPGRADING to +2 robe of Parts Unknown {rElec rF++
                  | Will- Archmagi}.
  1697 | D:2      | 1697 ||| DROPPING +0 robe.
  1698 | D:2      | 1698 ||| READING scroll labelled VOCEOPHE LEON.
  1698 | D:2      | 1698 ||| IDENTIFYING grey potion
  1699 | D:2      | 1699 ||| READING scroll labelled ZEENKA ZEHEYL.
  1700 | D:2      | 1700 ||| READING scroll labelled LADEOXZ QUIC.
  1701 | D:2      | 1701 ||| DRINKING 2 viscous grey potions.
  1701 | D:2      | Gained mutation: A frigid envelope surrounds you and
                  | freezes all who hurt you. [potion of mutation]
  1701 | D:2      | Gained mutation: You are resistant to electric shocks.
                  | (rElec) [potion of mutation]
  1755 | D:3      | Noticed Natasha
  1758 | D:3      | 1758 ||| STAIRDANCE
  1761 | D:2      | Killed Natasha
  1762 | D:2      | Reached XP level 4. HP: 22/22 MP: 5/5
  2344 | D:3      | 2344 ||| UPGRADING to ring of protection from cold.
  2345 | D:3      | 2345 ||| READING scroll of identify.
  2345 | D:3      | 2345 ||| IDENTIFYING murky ruby potion
  2346 | D:3      | 2346 ||| READING scroll labelled SIECRIVV NUYP.
  2346 | D:3      | 2346 ||| BRANDING +0 shortbow.
  2384 | D:4      | Reached XP level 5. HP: 26/26 MP: 6/6
  2391 | D:4      | HP: 4/26 [orc priest/divine providence (14)]
  2392 | D:4      | 2392 ||| READING 3 scrolls of teleportation.
  2393 | D:4      | 2393 ||| DRINKING potion of heal wounds.
  2487 | D:4      | Noticed Ijyb
  2494 | D:4      | HP: 5/26 [constriction (2)]
  2495 | D:4      | 2495 ||| READING 2 scrolls of teleportation.
  2496 | D:4      | Killed Ijyb
  2497 | D:4      | Reached skill level 6 in Ranged Weapons
  2522 | D:4      | Reached XP level 6. HP: 13/30 MP: 7/7
  2679 | D:4      | Reached skill level 6 in Dodging
  3573 | D:4      | Found a sparkling altar of Nemelex Xobeh.
  3579 | D:4      | 3579 ||| READING scroll of identify.
  3579 | D:4      | 3579 ||| IDENTIFYING viscous brown potion
  3580 | D:4      | 3580 ||| READING scroll labelled BEMUFO CO JUA.
  3581 | D:4      | 3581 ||| DROPPING potion of degeneration.
  3583 | D:4      | 3583 ||| Stepping ~*~*~tactically~*~*~ (cloud).
  3593 | D:4      | HP: 7/30 [poisoned by you (poison gas)]
  3694 | D:5      | Entered Level 5 of the Dungeon
  3712 | D:5      | Reached skill level 7 in Ranged Weapons
  3723 | D:5      | Noticed Duvessa
  3723 | D:5      | Noticed Dowan
  3724 | D:5      | 3724 ||| DRINKING 3 potions of curing.
  3724 | D:5      | 3724 ||| (to cure confusion)
  3726 | D:5      | 3726 ||| ZAPPING wand of paralysis (5) at -1,0 (Duvessa;
                  | open_door).
  3727 | D:5      | 3727 ||| ZAPPING wand of paralysis (4) at -1,0 (Duvessa;
                  | open_door).
  3728 | D:5      | 3728 ||| ZAPPING wand of paralysis (3) at -1,0 (Duvessa;
                  | open_door).
  3729 | D:5      | 3729 ||| ZAPPING wand of paralysis (2) at -1,0 (Duvessa;
                  | open_door).
  3730 | D:5      | 3730 ||| ZAPPING wand of paralysis (1) at -1,0 (Duvessa;
                  | open_door).
  3732 | D:5      | HP: 7/30 [poisoned by an orc]
  3732 | D:5      | Slain by Duvessa

Levels and vault maps discovered:
D:1:      spicycebolla_arrival_xxxplode, layout_basic,
          ebering_ecumenical_altar_webs, dreamdust_princess_bridge,
          minivault_24, minmay_pentomino_v4
D:2:      layout_loops_corners
D:3:      layout_basic, chequers_arboretum, serial_bayou_pond_d,
          dreamdust_mushroom_princess, uniq_natasha
D:4:      layout_layer_cave, mainiacjoe_overflow_alcove_2, serial_glass,
          glass_columns_a, glass_columns_b, glass_columns_c, glass_columns_b,
          glass_columns_c, glass_columns_a, glass_columns_b, glass_columns_b,
          uniq_ijyb
D:5:      layout_basic, mainiacjoe_overflow_alcove_4, serial_shops,
          nicolae_square_shop, uniq_duvessa, uniq_eustachio

Skill      XL: |  1  2  3  4  5  6 |
---------------+-------------------+-----
Dodging        | 3 4 5 6 |  6.0
Ranged Weapons | 5 6 7 |  7.0
Fighting       | 2 |  2.2
Stealth        | |  1.5

Action                     |  1- 3 |  4- 6 || total
---------------------------+-------+-------++-------
   Fire: Shortbow          |    97 |   101 ||   198
  Evoke: Wand              |       |     5 ||     5
    Use: Scroll            |     6 |     6 ||    12
         Potion            |     2 |     2 ||     4
 Armour: Robe              |     7 |    16 ||    23
  Dodge: Dodged            |    40 |    61 ||   101

Table legend:
 A = Non-vault XP
 B = Vault XP
 C = Vault XP percentage of total XP
 D = Non-vault monster count
 E = Vault monster count
 F = Vault count percentage of total count
                 A         B        C        D         E       F
            +---------+---------+-------+---------+---------+-------
      Total |     642 |      75 |  10.5 |      60 |       6 |   9.1
            +---------+---------+-------+---------+---------+-------
        D:1 |      12 |       7 |  36.8 |       9 |       4 |  30.8
        D:2 |      72 |      33 |  31.4 |      15 |       1 |   6.2
        D:3 |      27 |       0 |   0.0 |       8 |       0 |   0.0
        D:4 |     486 |      35 |   6.7 |      27 |       1 |   3.6
        D:5 |      45 |       0 |   0.0 |       1 |       0 |   0.0
            +---------+---------+-------+---------+---------+-------
